 Dungeon Crawl Stone Soup version 0.29-a0-222-g5b244fca1f (webtiles) character file.

Game seed: 259903707658626483

15506 n8rtot the Earth Mage (level 12, -2/97 HPs)
             Began as a Deep Dwarf Earth Elementalist on Feb 27, 2022.
             Was a Priest of Qazlal.
             Slain by a komodo dragon (23 damage)
             ... on level 3 of the Lair of Beasts on Feb 28, 2022.
             The game lasted 02:56:47 (12322 turns).

n8rtot the Earth Mage (DDEE)                       Turns: 12322, Time: 02:56:47

Health: -2/97      AC:  5    Str: 12    XL:     12   Next: 1%
Magic:  1/13       EV: 14    Int: 27    God:    Qazlal [***...]
Gold:   439        SH:  9    Dex: 13    Spells: 15/32 levels left

rFire   . . .      SeeInvis +   J - staff of earth
rCold   . . .      Faith    .   (no shield)
rNeg    . . .      Spirit   .   b - +0 robe
rPois   .          Reflect  +   d - +0 helmet
rElec   .          Harm     .   X - +0 cloak {rCorr}
rCorr   +          Rampage  .   (no gloves)
Will    +....                   q - +0 pair of boots {Fly}
Stlth   ++........              w - amulet of reflection
HPRegen 0.00/turn               G - +6 ring of intelligence
MPRegen 0.13/turn               N - ring of see invisible

@: marked, flying
A: damage resistance, heal wounds, sense surroundings 2, no regeneration
a: Heal Wounds, Renounce Religion, Upheaval, Elemental Force


You were on level 3 of the Lair of Beasts.
You worshipped Qazlal.
Qazlal was most pleased with you.
You visited 3 branches of the dungeon, and saw 13 of its levels.

You collected 516 gold pieces.
You spent 77 gold pieces at shops.

Inventory:

Hand Weapons
 h - a +0 short sword
 l - a +0 short sword of venom
 p - a +0 hunting sling
 r - a +5 broad axe
 u - a +0 shortbow
 A - a +0 scythe
 B - a +0 shortbow
 F - a +0 hand axe of electrocution
 K - a +3 battleaxe
 P - a +4 long sword
 Q - a +5 hand axe of freezing
Missiles
 a - 61 stones
 j - 5 datura-tipped darts
 s - 5 javelins
 z - a throwing net
 I - 4 poisoned darts (quivered)
Armour
 b - a +0 robe (worn)
 c - a +0 leather armour
 d - a +0 helmet (worn)
 k - a +0 pair of boots
 q - a +0 pair of boots of flying (worn)
 H - a +0 scale mail
 W - a +2 scale mail of willpower
 X - a +0 cloak of preservation (worn)
 Y - a +0 chain mail
Magical Staves
 i - a staff of fire
 J - a staff of earth (weapon)
Jewellery
 w - an amulet of reflection (around neck)
 G - a +6 ring of intelligence (left hand)
 N - a ring of see invisible (right hand)
 R - a +6 ring of dexterity
 T - an amulet of guardian spirit
 U - an amulet of faith
Wands
 n - a wand of digging (10)
 t - a wand of paralysis (5)
 E - a wand of flame (44)
Scrolls
 f - a scroll of noise
 g - a scroll of fear {unknown}
 m - a scroll of identify
 o - 3 scrolls of immolation {unknown}
 x - a scroll of amnesia {unknown}
 y - a scroll of brand weapon {unknown}
 M - 2 scrolls of vulnerability
 O - 3 scrolls of fog
Potions
 e - 3 potions of curing
 v - 3 potions of attraction
 C - 3 potions of mutation
 D - 3 potions of might
 L - a potion of flight {unknown}
 S - a potion of invisibility {unknown}
 V - 2 potions of lignification


   Skills:
 + Level 3.0 Fighting
 + Level 0.5 Short Blades
 + Level 0.1 Axes
 + Level 1.0 Staves
 + Level 1.1 Throwing
 + Level 5.6 Dodging
 + Level 6.9 Stealth
 + Level 2.4 Shields
 + Level 0.1 Unarmed Combat
 + Level 10.8 Spellcasting
 + Level 2.4 Conjurations
 + Level 0.3 Necromancy
 + Level 2.0 Transmutations
 + Level 0.3 Air Magic
 + Level 15.6 Earth Magic
 + Level 0.1 Poison Magic
 + Level 0.6 Invocations
 + Level 1.3 Evocations


You had 15 spell levels left.
You knew the following spells:

 Your Spells              Type           Power      Damage    Failure   Level
a - Sandblast             Erth           100%       2d20      0%          1
b - Stone Arrow           Conj/Erth      100%       3d13      1%          3
c - Passwall              Tmut/Erth      63%        N/A       1%          2
d - Petrify               Tmut/Erth      76%        N/A       1%          4
e - Corpse Rot            Necr/Air       32%        N/A       5%          2
f - Poisonous Vapours     Pois/Air       30%        N/A       5%          2
g - Magic Dart            Conj           100%       1d8       1%          1
h - Searing Ray           Conj           54%        2d6       2%          2

Your spell library contained the following spells:

 Spells                   Type           Power      Damage    Failure   Level
 Fulminant Prism          Conj/Hex       10%        3d9       24%         4
 Yara's Violent Unravell  Hex/Tmut       10%        3d6       58%         5
 Silence                  Hex/Air        7%         N/A       71%         5
 Discord                  Hex            7%         N/A       100%        8


Dungeon Overview and Level Annotations

Branches:
Dungeon (9/15)             Temple (1/1) D:6            Lair (3/6) D:9
 Spider (0/4) Lair:2
  Swamp: Lair:2-4    Shoals: Lair:2-4       Orc: D:9-12

Altars:
Ashenzari
Cheibriados
Dithmenos
Elyvilon
Fedhas
Gozag
Hepliaklqana
Kikubaaqudgha
Makhleb
Nemelex Xobeh
Okawaru
Qazlal
Trog
Uskayaw
Vehumet
Xom
Yredelemnul
Zin
The Shining One
Lugonu

Shops:
D:1 (   D:2 (

Annotations:
Lair:2 Amaemon


Innate Abilities, Weirdness & Mutations

You are resistant to damage.
You can heal yourself by infusing magical energy.
You passively map the area around you.
You do not regenerate.


Message History

You are engulfed in flames!
The fire bat misses you.
A nearby fungus withers and dies.
You block the fire bat's attack. The fire bat closely misses you.
The blink frog blinks! x2
A blink frog comes into view.
The fire bat completely misses you. You block the fire bat's attack.
The blink frog hits you!
* * * LOW HITPOINT WARNING * * *
The blink frog blinks! x2
The fire bat bites you but does no damage.
The blink frog blinks!
The fire bat bites you.
* * * LOW HITPOINT WARNING * * *
You are engulfed in flames!
* * * LOW HITPOINT WARNING * * *
The electric eel shoots out a bolt of lightning at you!
The bolt of electricity hits you!
* * * LOW HITPOINT WARNING * * *
You feel much better.
The fire bat bites you but does no damage.
You block the fire bat's attack. The fire bat misses you.
The fire bat bites you but does no damage.
The blink frog blinks!
The fire bat bites you but does no damage.
The blink frog blinks! x2; The fire bat bites you.
You are engulfed in flames.
The blink frog blinks!
Aiming: Upheaval
Press: ? - help, Dir - move target, f - water moccasin
Aim: a water moccasin Magma suddenly erupts from the ground!
The blast of magma engulfs the fire bat!
The fire bat partially resists.
The fire bat is heavily wounded.
The blast of magma engulfs the water moccasin!!
The water moccasin is almost dead.
The fire bat bites you but does no damage.
The fire bat misses you. The fire bat bites you.
You are engulfed in flames!
* * * LOW HITPOINT WARNING * * *
The fire bat bites you.
You are engulfed in flames!
* * * LOW HITPOINT WARNING * * *
The fire bat barely misses you. The komodo dragon bites you!!
You die...

, , , ,
..#...#..P.P......#. ,, ,,
......#...........## , , ,
,.P§§..#...........# *,
#...##.#........## ,
##P..#........§.## , *,
.### ##P..##.l.....§§§## *
* ...[.#.S..YFY.....§§§§##
*
,,......SbbYF..Y....§§§§##
,
,.F....l@#.S###....§§§§P#
** , .P#...P..###
#.....§§..# ,,, #.P###...
#..§.....)≈ #..
.....F.....F....≈ * , #.
≈≈S≈≈§≈.........§≈ * ,
#,,,≈≈≈≈≈≈≈≈.........#§
**, , .≈≈≈≈≈≈≈≈..#.S....#≈
, ,, ≈*#≈#≈≈...≈≈≈...§§ ,
≈ , , ≈, ≈


You could see 4 elephants, 2 komodo dragons, a cane toad, 3 blink frogs, 2 water
moccasins, 2 fire bats and an electric eel.

Vanquished Creatures
  Harold (Lair:1)
  A hydra (Lair:1)
  Urug (Lair:2)
  A deep troll (D:9)
  3 black mambas
  An orange demon (Lair:2)
  4 cane toads
  2 kobold demonologists (D:9)
  2 komodo dragons
  A polar bear (Lair:2)
  5 trolls (D:9)
  2 hornets (D:9)
  5 blink frogs
  A wyvern (Lair:3)
  Sigmund (D:5)
  2 basilisks (Lair:2)
  16 yaks
  A redback (Lair:2)
  A water moccasin (Lair:1)
  Duvessa (D:7)
  4 orc warriors
  3 black bears
  4 wolves (Lair:2)
  3 ogres
  2 centaurs
  A phantom (D:6)
  Blork the orc (D:5)
  3 scorpions
  12 bullfrogs
  Dowan (D:7)
  13 killer bees
  4 wights (D:7)
  A howler monkey (D:9)
  3 orc priests
  4 hounds
  2 iguanas
  Natasha (thrice) (D:3)
  4 orc wizards
  Terence (D:3)
  The ghost of spaghetti the Sneak, a weakling DDDe (D:4)
  4 gnolls (D:4)
  11 adders
  2 worms (D:3)
  A dart slug (D:3)
  24 orcs
  11 ball pythons
  7 endoplasms
  6 giant cockroaches
  7 goblins
  3 hobgoblins
  4 jackals (D:4)
  6 kobolds
  8 quokkas
  4 bats
  3 frilled lizards
  5 rats
228 creatures vanquished.

Vanquished Creatures (others)
  A yak (D:8)
  2 demonic plants (D:3)
  26 fungi
  83 plants
112 creatures vanquished.

Grand Total: 340 creatures vanquished

Notes
Turn   | Place    | Note
-------+----------+-------------------------------------------
     0 | D:1      | n8rtot the Deep Dwarf Earth Elementalist began the quest
                  | for the Orb.
     0 | D:1      | Reached XP level 1. HP: 15/15 MP: 3/3
    61 | D:1      | Reached skill level 1 in Transmutations
   233 | D:1      | You fall into a shaft and drop 1 floor!
   256 | D:2      | Reached XP level 2. HP: 22/22 MP: 0/4
   512 | D:1      | Reached XP level 3. HP: 28/28 MP: 0/5
   616 | D:1      | Found Ukoscheah's Weapon Boutique.
  1174 | D:2      | Found Gaicue's Weapon Boutique.
  1183 | D:2      | Bought 30 stones for 33 gold pieces
  1183 | D:2      | Bought 25 stones for 27 gold pieces
  1183 | D:2      | Bought 16 stones for 17 gold pieces
  1223 | D:2      | Reached skill level 5 in Earth Magic
  1544 | D:4      | Reached XP level 4. HP: 32/36 MP: 0/7
  1790 | D:3      | Found a faded altar of an unknown god.
  1815 | D:3      | Prayed at the altar of an unknown god.
  1815 | D:3      | Became a worshipper of Qazlal Stormbringer
  1815 | D:3      | Reached * piety under Qazlal
  1830 | D:3      | Noticed Terence
  1839 | D:3      | Killed Terence
  2122 | D:3      | Noticed Natasha
  2133 | D:3      | Killed Natasha
  2134 | D:3      | Reached XP level 5. HP: 22/42 MP: 0/8
  2189 | D:3      | Learned a level 3 spell: Stone Arrow
  2300 | D:3      | Reached skill level 6 in Earth Magic
  2373 | D:3      | Noticed Natasha
  2374 | D:3      | Killed Natasha
  2496 | D:3      | Noticed Natasha
  2505 | D:3      | Killed Natasha
  2784 | D:4      | Found a runed translucent door.
  2788 | D:4      | Noticed spaghetti's ghost (weakling DDDe)
  2794 | D:4      | Reached XP level 6. HP: 19/49 MP: 7/10
  2819 | D:4      | Killed spaghetti's ghost
  2820 | D:4      | Reached skill level 7 in Earth Magic
  4362 | D:4      | Learned a level 2 spell: Passwall
  4543 | D:4      | Learned a level 4 spell: Petrify
  4550 | D:4      | Found a hazy altar of Hepliaklqana.
  4889 | D:5      | Entered Level 5 of the Dungeon
  4889 | D:5      | Noticed Blork the orc
  4899 | D:5      | Killed Blork the orc
  4903 | D:5      | Reached skill level 8 in Earth Magic
  4903 | D:5      | Reached XP level 7. HP: 31/55 MP: 5/12
  4996 | D:5      | Reached ** piety under Qazlal
  5006 | D:5      | Noticed Sigmund
  5008 | D:5      | Killed Sigmund
  5009 | D:5      | Reached skill level 9 in Earth Magic
  5051 | D:5      | Found a burning altar of Makhleb.
  5500 | D:5      | Reached skill level 5 in Spellcasting
  5500 | D:5      | Reached XP level 8. HP: 45/63 MP: 3/13
  5631 | D:5      | Found a hide-covered altar of Uskayaw.
  5637 | D:5      | Found a shimmering altar of Xom.
  5638 | D:5      | Found a broken altar of Ashenzari.
  5900 | D:6      | Found a snail-covered altar of Cheibriados.
  5909 | D:6      | Reached skill level 10 in Earth Magic
  6071 | D:6      | Found a staircase to the Ecumenical Temple.
  6093 | Temple   | Entered the Ecumenical Temple
  6420 | D:6      | Reached skill level 1 in Conjurations
  6501 | D:7      | Found an ancient bone altar of Kikubaaqudgha.
  6560 | D:7      | Reached skill level 1 in Fighting
  6571 | D:7      | Reached skill level 11 in Earth Magic
  6680 | D:7      | Gained mutation: You passively map the area around you.
                  | [Deep Dwarf growth]
  6680 | D:7      | Reached XP level 9. HP: 24/70 MP: 8/16
  7100 | D:7      | Found a bloodstained altar of Trog.
  7148 | D:7      | Noticed Duvessa
  7148 | D:7      | Noticed Dowan
  7172 | D:7      | Killed Duvessa
  7173 | D:7      | Reached skill level 12 in Earth Magic
  7186 | D:7      | Killed Dowan
  7891 | D:8      | Found a glowing silver altar of Zin.
  8059 | D:8      | Reached skill level 1 in Shields
  8072 | D:8      | Found an opulent altar of Gozag.
  8403 | D:8      | Reached XP level 10. HP: 44/80 MP: 1/18
  8912 | D:9      | Reached skill level 13 in Earth Magic
  9343 | D:9      | Reached skill level 5 in Stealth
  9354 | D:9      | Reached *** piety under Qazlal
  9672 | D:9      | Noticed a deep troll
  9692 | D:9      | Killed a deep troll
  9693 | D:9      | Reached skill level 14 in Earth Magic
  9925 | D:9      | Noticed a soul eater
 10232 | D:9      | Found a staircase to the Lair.
 10260 | D:9      | Learned a level 2 spell: Corpse Rot
 10263 | D:9      | Learned a level 2 spell: Poisonous Vapours
 10298 | D:9      | Reached XP level 11. HP: 61/87 MP: 17/19
 10475 | Lair:1   | Entered Level 1 of the Lair of Beasts
 10507 | Lair:1   | Noticed Harold
 10526 | Lair:1   | Killed Harold
 10838 | Lair:1   | Found a stormy altar of Qazlal.
 10854 | Lair:1   | Reached skill level 1 in Throwing
 10977 | Lair:1   | Reached skill level 10 in Spellcasting
 11006 | Lair:1   | Got Naseu's Compendium of Enchantment
 11036 | Lair:1   | Noticed a seven-headed hydra
 11138 | Lair:1   | Killed a seven-headed hydra
 11139 | Lair:1   | Reached skill level 15 in Earth Magic
 11265 | Lair:1   | You are sucked into a shaft and drop 1 floor!
 11269 | Lair:2   | Found a hole to the Spider Nest.
 11320 | Lair:2   | Reached skill level 1 in Evocations
 11383 | Lair:2   | Noticed an eight-headed hydra
 11404 | Lair:2   | Noticed Urug
 11574 | Lair:2   | Reached skill level 5 in Dodging
 11744 | Lair:2   | Learned a level 1 spell: Magic Dart
 11747 | Lair:2   | Learned a level 2 spell: Searing Ray
 11974 | Lair:2   | Noticed Amaemon
 12080 | Lair:2   | Killed Urug
 12081 | Lair:2   | Reached skill level 1 in Staves
 12266 | Lair:3   | Reached XP level 12. HP: 97/97 MP: 8/13
 12322 | Lair:3   | Slain by a komodo dragon

Illustrated notes

Levels and vault maps discovered:
D:1:      dpeg_arrival_round_b, layout_basic, serial_shops, shop,
          chequers_arboretum
D:2:      layout_rooms, serial_shops, nicolae_shop_bloodbath_and_beyond
D:3:      layout_loops_ring, dreamdust_ecumenical_altar_sealed_demon,
          minmay_circle_x, uniq_natasha, uniq_terence
D:4:      layout_basic, mainiacjoe_overflow_boulevard, ebering_ghost_sewer_d
D:5:      layout_loops_ring, old_standard_altar, minitemple, uniq_sigmund,
          uniq_blork_the_orc
D:6:      layout_loops_cross, amcnicky_altar_gilded, minmay_temple_entry_arrows
D:7:      layout_basic, mainiacjoe_overflow_catch_the_wave, dk_vineyard_3,
          uniq_duvessa
D:8:      layout_basic, pdpol_temple_overflow_zin_treasury_gozag_greed
D:9:      lemuel_troll_bridge, layout_basic, grunt_lair_entry_orc_guard_hut
Temple:   kb_corrupted_temple
Lair:1:   layout_roguey, basic_altar, nicolae_quartered_pool_impasse,
          serial_bayou_shore_b, uniq_harold
Lair:2:   layout_cave_shapes, spider_nest_entry_webs,
          chequers_serial_rivers_small_3, infiniplex_staircase_pool_2,
          serial_bayou_shore_a, uniq_amaemon, uniq_urug
Lair:3:   layout_gridlike, nicolae_swamp_entry_splash_gauntlet,
          grunt_megastairs_3

Skill      XL: |  1  2  3  4  5  6  7  8  9 10 11 |
---------------+----------------------------------+-----
Transmutations | 1 2 |  2.0
Spellcasting   | 2 3 4 5 6 8 9 10 | 10.8
Earth Magic    | 5 6 8 9 11 12 14 15 | 15.6
Stealth        | 3 5 6 |  6.9
Conjurations   | 1 2 |  2.4
Fighting       | 1 2 3 |  3.0
Dodging        | 3 4 5 |  5.6
Shields        | 1 2 |  2.4
Throwing       | 1 |  1.1
Evocations     | 1 |  1.3
Staves         | 1 |  1.0
Short Blades   | |  0.5
Axes           | |  0.1
Unarmed Combat | |  0.1
Necromancy     | |  0.3
Air Magic      | |  0.3
Poison Magic   | |  0.1
Invocations    | |  0.6

Action                   |  1- 3 |  4- 6 |  7- 9 | 10-12 || total
-------------------------+-------+-------+-------+-------++-------
Melee: Unarmed           |    11 |       |       |       ||    11
       Short sword       |    13 |    30 |    10 |       ||    53
       Staff             |     3 |     9 |    11 |   101 ||   124
       Punch             |       |     1 |       |     1 ||     2
       Hand axe          |       |       |       |     5 ||     5
Throw: Dart              |       |       |     3 |    21 ||    24
       Throwing net      |       |       |       |     5 ||     5
 Cast: Sandblast         |    51 |    82 |   106 |   155 ||   394
       Stone Arrow       |       |     4 |    29 |    25 ||    58
       Petrify           |       |       |     3 |    21 ||    24
       Passwall          |       |       |     2 |       ||     2
       Poisonous Vapours |       |       |       |     5 ||     5
       Searing Ray       |       |       |       |     3 ||     3
       Magic Dart        |       |       |       |     2 ||     2
       Corpse Rot        |       |       |       |     2 ||     2
Invok: Upheaval          |       |       |     2 |     5 ||     7
       Elemental Force   |       |       |       |     1 ||     1
 Abil: Heal Wounds       |     1 |     2 |     5 |    32 ||    40
Evoke: Wand              |       |       |       |    12 ||    12
  Use: Scroll            |       |     4 |     6 |     7 ||    17
       Potion            |       |       |     1 |     4 ||     5
 Stab: Petrified         |       |       |     6 |    23 ||    29
Armor: Robe              |    13 |    10 |    24 |    43 ||    90
Dodge: Dodged            |    35 |    30 |    65 |   161 ||   291
Block: Other             |       |     3 |    16 |   115 ||   134
       Reflection        |       |       |     1 |       ||     1

Table legend: (Time is in decaauts)
 A = Elapsed time spent in this place.
 B = Non-inter-level travel time spent in this place.
 C = Inter-level travel time spent in this place.
 D = Time resting spent in this place.
 E = Time spent auto-exploring this place.
 F = Levels seen in this place.
 G = Mean time per level.
                   A        B        C        D        E       F      G
               +--------+--------+--------+--------+--------+-----+--------+
         Total |  12345 |  12329 |     16 |   3519 |      4 |  13 |  949.6 |
       Dungeon |  10345 |  10335 |     10 |   3113 |      4 |   9 | 1149.4 |
        Temple |    138 |    138 |      0 |      0 |      0 |   1 |  138.0 |
          Lair |   1861 |   1855 |      6 |    406 |      0 |   3 |  620.3 |
               +--------+--------+--------+--------+--------+-----+--------+

Top non-repeatable levels by time:
     D:4: 2288 daAuts
     D:9: 1786 daAuts
     D:3: 1100 daAuts
     D:8: 1079 daAuts
     D:7: 1052 daAuts
  Lair:2: 992 daAuts
     D:5: 888 daAuts
     D:1: 883 daAuts
  Lair:1: 792 daAuts
     D:6: 644 daAuts
     D:2: 621 daAuts
  Temple: 138 daAuts
  Lair:3: 77 daAuts
